 Dungeon Crawl Stone Soup version 0.26.1-10-gdfb7c7de75 (webtiles) character file.

Game seed: 15748836921116236958

2923 Doot the Thaumaturge (level 9, -4/46 HPs)
             Began as a Deep Elf Conjurer on Mar 29, 2021.
             Was an Initiate of Sif Muna.
             Killed by divine providence
             ... invoked by an orc priest
              (11 damage)
             ... on level 7 of the Dungeon on Mar 31, 2021.
             The game lasted 00:14:45 (7782 turns).

Doot the Thaumaturge (Deep Elf Conjurer)            Turns: 7782, Time: 00:14:46

Health: -4/46      AC: 13    Str:  6    XL:     9   Next: 50%
Magic:  6/24       EV: 12    Int: 32    God:    Sif Muna [......]
Gold:   422        SH:  0    Dex: 13    Spells: 8/27 levels left

rFire    . . .     SeeInvis +   D - +9 hand axe of Poni {elec, Str+2 Int+5}
rCold    . . .     Faith    .   (no shield)
rNeg     . . .     Spirit   .   B - +0 troll leather armour {Purgy}
rPois    .         Reflect  .   (no helmet)
rElec    .         Harm     .   l - +2 cloak
rCorr    .         Rampage  .   F - +0 pair of gloves
Will     .....                  E - +0 pair of boots
Stlth    +++.......             G - amulet of regeneration
HPRegen  0.95/turn              e - +4 ring of protection
MPRegen  0.19/turn              d - ring of see invisible

@: lethally poisoned (-4 -> -4)
A: no striking features
a: Renounce Religion


You were on level 7 of the Dungeon.
You worshipped Sif Muna.
Sif Muna was noncommittal.
You visited 2 branches of the dungeon, and saw 8 of its levels.
You also visited: Sewer.

You collected 422 gold pieces.

Inventory:

Hand Weapons
 k - a +0 short sword
 D - the +9 hand axe of Poni (weapon) {elec, Str+2 Int+5}
   (You took it off an orc priest on level 4 of the Dungeon)

   Occasionally, upon striking a foe, it can discharge electrical energy and
   cause terrible harm.
   It affects your strength (+2).
   It affects your intelligence (+5).
 J - the +1 falchion "Nobiwex" {vorpal, *Corrode rElec rF+}
   (You found it on level 7 of the Dungeon)

   It inflicts extra damage upon your enemies.
   It protects you from fire.
   It insulates you from electricity.
   It may corrode you when you take damage.
Missiles
 h - 29 poisoned darts
 y - 5 curare-tipped darts
Armour
 a - a +0 robe
 l - a +2 cloak (worn)
 B - a +0 troll leather armour (worn) {Purgy}
 E - a +0 pair of boots (worn)
 F - a +0 pair of gloves (worn)
Magical Staves
 P - an uncursed staff of earth {unknown}
Jewellery
 c - an uncursed ring of flight
 d - a ring of see invisible (right hand)
 e - a +4 ring of protection (left hand)
 G - an amulet of regeneration (around neck)
Wands
 s - a wand of enslavement (4)
 x - a wand of random effects (12)
 L - a wand of iceblast (7)
 N - a wand of disintegration (20)
Scrolls
 b - 4 scrolls of identify
 f - 8 scrolls of teleportation
 i - 4 scrolls of noise
 j - 3 scrolls of remove curse
 p - 2 scrolls of random uselessness {unknown}
 v - a scroll of magic mapping {unknown}
 z - 5 scrolls of fear {unknown}
 A - 2 scrolls of blinking {unknown}
 C - 3 scrolls of enchant weapon {unknown}
 K - a scroll of fog {unknown}
 M - a scroll of silence {unknown}
 O - a scroll of amnesia {unknown}
Potions
 g - 2 potions of heal wounds {unknown}
 m - a potion of lignification {unknown}
 n - a potion of brilliance {unknown}
 o - a potion of ambrosia {unknown}
 q - 2 potions of might {unknown}
 r - a potion of flight {unknown}
 t - 2 potions of berserk rage {unknown}
 u - a potion of degeneration {unknown}
 w - a potion of curing {unknown}
 H - a potion of magic {unknown}
 I - a potion of resistance


   Skills:
 + Level 0.6 Fighting
 + Level 2.5 Short Blades
 + Level 1.2 Axes
 + Level 0.6 Throwing
 + Level 2.8 Armour
 + Level 3.2 Dodging
 + Level 7.2 Stealth
 + Level 9.9 Spellcasting
 + Level 9.3 Conjurations
 + Level 1.0 Hexes
 + Level 0.6 Translocations
 + Level 1.6 Poison Magic


You had 8 spell levels left.
You knew the following spells:

 Your Spells              Type           Power        Failure   Level
a - Magic Dart            Conj           100%         1%          1
b - Searing Ray           Conj           100%         1%          2
c - Fulminant Prism       Conj/Hex       24%          5%          4
d - Iskenderun's Mystic   Conj/Tloc      48%          6%          4
e - Blink                 Tloc           N/A          5%          2
f - Conjure Flame         Conj/Fire      45%          1%          3
g - Mephitic Cloud        Conj/Pois/Air  39%          3%          3

Your spell library contained the following spells:

 Spells                   Type           Power        Failure   Level
 Dazzling Flash           Conj/Hex       98%          1%          3
 Corona                   Hex            24%          3%          1
 Slow                     Hex            22%          4%          2
 Call Imp                 Summ           15%          7%          2
 Portal Projectile        Hex/Tloc       42%          10%         3
 Inner Flame              Hex/Fire       19%          11%         3
 Cause Fear               Hex            11%          30%         4
 Leda's Liquefaction      Hex/Erth       9%           36%         4


Dungeon Overview and Level Annotations

Branches:
Dungeon (7/15)             Temple (1/1) D:7           Sewer (visited)

Altars:
Ashenzari
Cheibriados
Dithmenos
Elyvilon
Fedhas
Gozag
Hepliaklqana
Kikubaaqudgha
Makhleb
Nemelex Xobeh
Okawaru
Qazlal
Ru
Sif Muna
Trog
Uskayaw
Vehumet
Wu Jian
Xom
Zin
The Shining One

Annotations:
D:4 2 runed translucent doors, DarkShadow's ghost, amateur MiFi
D:5 3 runed translucent doors, Paulthewizard's ghost, amateur TeCj
D:7 Harold


Message History

Aiming: Mephitic Cloud (dangerous; 3% risk of failure)
Press: ? - help, Shift-Dir - straight line The ball explodes into a vile cloud!
The stinking cloud engulfs the orc warrior but does no damage.
You feel sick.
You hear a shout!
The orc warrior is engulfed in noxious fumes.
The orc warrior appears confused.
You hear a shout! x2
Unknown command.
You feel sick.
You feel sick.
The sentinel's mark upon you fades away.
You feel sick.
You feel sick.
An orc priest comes into view. It is wielding a +0 mace.
You feel sick.
The orc priest invokes the aid of Beogh against you.
Beogh smites you!
You die...

....# #.# ##○.#
##..######.# #.o##
#.........#####.##
##.#####......##.#
#........#.#####.#
..########.# #.# ..#
#.# #.# ÷.# ##.# #.#
..# #..# #@# .## #.##
#.# ..##
#[######.#### ...#
##.##........#
.#.#####..##........#
.#.......###........#
.#####..).(.........#
.#####.####.(......(#
.....#.# #.........#


You could see an orc priest.

Vanquished Creatures
  Grinder (D:3)
  An orc warrior (D:7)
  2 phantoms
  Purgy (Sewer)
  2 ice beasts
  2 sky beasts
  3 ogres
  3 centaurs (D:7)
  2 bullfrogs
  A scorpion (D:4)
  5 wights (D:6)
  3 howler monkeys (D:7)
  A bullfrog zombie (D:5)
  7 hounds
  A jelly (D:6)
  4 orc priests
  2 bullfrog skeletons
  4 orc wizards
  3 iguanas
  Ijyb (D:3)
  6 worker ants
  3 adders (D:2)
  3 white imps
  An ufetubus (D:6)
  An ooze (D:2)
  An adder zombie (D:5)
  A worm (D:4)
  9 leopard geckos
  24 orcs
  4 ball pythons
  5 giant cockroaches
  12 goblins
  10 hobgoblins
  14 jackals
  2 quokkas (D:4)
  12 bats
  5 frilled lizards
  A giant cockroach zombie (D:6)
  9 kobolds
  5 rats
177 creatures vanquished.

Vanquished Creatures (others)
  5 fulminant prisms
  2 fungi (D:5)
  2 plants (D:5)
9 creatures vanquished.

Grand Total: 186 creatures vanquished

Notes
Turn   | Place    | Note
-------+----------+-------------------------------------------
     0 | D:1      | Doot the Deep Elf Conjurer began the quest for the Orb.
     0 | D:1      | Reached XP level 1. HP: 10/10 MP: 6/6
   296 | D:1      | Reached XP level 2. HP: 5/15 MP: 2/8
   798 | D:1      | Reached skill level 5 in Conjurations
  1266 | D:1      | Learned a level 2 spell: Searing Ray
  1332 | D:2      | Reached XP level 3. HP: 19/19 MP: 8/10
  2093 | D:2      | Reached XP level 4. HP: 24/24 MP: 9/12
  2098 | D:2      | Learned a level 4 spell: Fulminant Prism
  2103 | D:2      | Learned a level 4 spell: Iskenderun's Mystic Blast
  2383 | D:3      | Reached XP level 5. HP: 23/28 MP: 0/14
  2701 | D:3      | Reached skill level 5 in Spellcasting
  2738 | D:3      | Noticed Grinder
  2742 | D:3      | Paralysed by Grinder for 3 turns
  2747 | D:3      | Killed Grinder
  2748 | D:3      | Reached XP level 6. HP: 32/32 MP: 6/17
  2923 | D:3      | Noticed Ijyb
  3034 | D:3      | Killed Ijyb
  3621 | D:4      | Reached XP level 7. HP: 36/36 MP: 5/19
  3676 | D:4      | Found a glowing drain.
  3695 | Sewer    | Entered a sewer
  4096 | Sewer    | Noticed Purgy
  4102 | Sewer    | Killed Purgy
  4148 | D:4      | Reached skill level 1 in Short Blades
  4311 | D:4      | Found a runed translucent door.
  4313 | D:4      | Noticed DarkShadow's ghost (amateur MiFi)
  4350 | D:4      | Found a runed translucent door.
  4399 | D:4      | Identified the +9 hand axe of Poni {elec, Str+2 Int+5}
  4962 | D:5      | Entered Level 5 of the Dungeon
  4995 | D:5      | Reached XP level 8. HP: 41/41 MP: 17/22
  5070 | D:5      | Reached skill level 5 in Stealth
  5349 | D:5      | Found a radiant altar of Vehumet.
  5349 | D:5      | Found a glowing golden altar of the Shining One.
  5354 | D:5      | Found a hazy altar of Hepliaklqana.
  5356 | D:5      | Found an iron altar of Okawaru.
  5357 | D:5      | Found a burning altar of Makhleb.
  5885 | D:5      | Found a runed translucent gate.
  5885 | D:5      | Found a runed translucent gate.
  5885 | D:5      | Found a runed translucent gate.
  5887 | D:5      | Noticed Paulthewizard's ghost (amateur TeCj)
  6175 | D:6      | Reached skill level 1 in Armour
  6784 | D:6      | Reached XP level 9. HP: 46/46 MP: 18/24
  7028 | D:6      | Learned a level 2 spell: Blink
  7032 | D:6      | Learned a level 3 spell: Conjure Flame
  7036 | D:6      | Learned a level 3 spell: Mephitic Cloud
  7061 | D:7      | Noticed Harold
  7100 | D:7      | Got a fine falchion
  7101 | D:7      | Identified the cursed +1 falchion "Nobiwex" {vorpal,
                  | *Corrode rElec rF+} (You found it on level 7 of the
                  | Dungeon)
  7186 | D:7      | Reached skill level 1 in Hexes
  7363 | D:7      | Reached skill level 1 in Axes
  7406 | D:7      | Found a staircase to the Ecumenical Temple.
  7415 | Temple   | Entered the Ecumenical Temple
  7580 | Temple   | Became a worshipper of Sif Muna the Loreminder
  7581 | Temple   | Upgraded the game from 0.26.1-2-gb8aa6d0cf2 to
                  | 0.26.1-10-gdfb7c7de75
  7722 | D:7      | Reached skill level 1 in Poison Magic
  7782 | D:7      | Killed from afar by an orc priest

Illustrated notes

Levels and vault maps discovered:
D:1:      scummos_arrival_hexagon, layout_loops_ring, minmay_pentomino_q2
D:2:      layout_loops_cross
D:3:      layout_basic, uniq_grinder, uniq_ijyb
D:4:      layout_rooms, cheibrodos_sewer_entry_drain, ebering_ghost_sewer_f
D:5:      layout_gridville, chequers_temple_overflow_minitemple,
          gammafunk_ghost_nasty_kobolds
D:6:      layout_rooms, minmay_hedge_maze
D:7:      layout_rooms, temple_hall, grunt_potential, uniq_harold
Temple:   nicolae_temple_elliptical

Skill      XL: |  1  2  3  4  5  6  7  8  9 |
---------------+----------------------------+-----
Conjurations   | 5 6 7 8 9 |  9.3
Spellcasting   | 4 6 7 8 9 |  9.9
Stealth        | 3 4 7 |  7.2
Dodging        | 3 |  3.2
Short Blades   | 1 2 |  2.5
Armour         | 1 2 |  2.8
Hexes          | 1 |  1.0
Axes           | 1 |  1.2
Poison Magic   | 1 |  1.6
Fighting       | |  0.6
Throwing       | |  0.6
Translocations | |  0.6

Action                   |  1- 3 |  4- 6 |  7- 9 || total
-------------------------+-------+-------+-------++-------
Melee: Short sword       |     1 |       |    29 ||    30
       Hand axe          |       |       |     9 ||     9
Throw: Dart              |       |       |     3 ||     3
 Cast: Magic Dart        |    68 |    51 |    42 ||   161
       Searing Ray       |     2 |     7 |    50 ||    59
       Fulminant Prism   |       |     3 |     2 ||     5
       Iskenderun's Myst |       |     1 |    10 ||    11
       Mephitic Cloud    |       |       |     3 ||     3
       Conjure Flame     |       |       |     1 ||     1
  Use: Scroll            |       |       |     7 ||     7
 Stab: Sleeping          |     1 |       |     5 ||     6
Armor: Robe              |     3 |     2 |    13 ||    18
       Troll leather arm |       |       |    22 ||    22
Dodge: Dodged            |     5 |     3 |    51 ||    59
